 Dungeon Crawl Stone Soup version 0.30-a0-743-gbfdf073 (webtiles) character file.

Game seed: 15178484249256910498

1029 PurpleRed the Thaumaturge (level 8, -5/39 (43) HPs)
             Began as a Deep Elf Reaver on Feb 8, 2023.
             Was an Initiate of Vehumet.
             Slain by a wight
             ... wielding a +0 trident
              (6 damage)
             ... on level 6 of the Dungeon.
             The game lasted 00:18:07 (1606 turns).

PurpleRed the Thaumaturge (Deep Elf Reaver)         Turns: 1606, Time: 00:18:09

HP:   -5/39 (43)    AC:  6    Str:  9    XL:     8   Next: 3%
MP:   13/22         EV: 12    Int: 21    God:    Vehumet [......]
Gold: 162           SH:  0    Dex: 19    Spells: 16/23 levels left

rFire   . . .      SeeInvis .    a - +0 short sword
rCold   . . .      Faith    .    (no shield)
rNeg    . . .      Spirit   .    b - +0 leather armour
rPois   .          Reflect  .    (no helmet)
rElec   .          Harm     .    (no cloak)
rCorr   .          Rampage  .    i - +2 pair of gloves
Will    .....                    (no boots)
Stlth   +                        (no amulet)
HPRegen 0.26/turn                r - +6 ring of dexterity
MPRegen 0.18/turn                (no ring)

@: brilliant, attractive, drained
A: no striking features
a: Renounce Religion


You were on level 6 of the Dungeon.
You worshipped Vehumet.
Vehumet was noncommittal.
You visited 1 branch of the dungeon, and saw 6 of its levels.

You collected 162 gold pieces.

Inventory:

Hand Weapons
 a - a +0 short sword (weapon)
 d - a +0 spear
 j - a +0 sling of flaming
 u - a +1 vampiric spear
Missiles
 p - 8 boomerangs
Armour
 b - a +0 leather armour (worn)
 i - a +2 pair of gloves (worn)
Jewellery
 r - a +6 ring of dexterity (left hand)
Wands
 k - a wand of roots (2)
Scrolls
 c - a scroll of magic mapping
 f - a scroll of immolation
 h - a scroll of blinking {unknown}
 o - a scroll of fear {unknown}
 s - a scroll of teleportation {unknown}
 t - a scroll of enchant armour {unknown}
 v - a scroll of amnesia {unknown}
Potions
 e - a potion of ambrosia {unknown}
 l - 2 potions of attraction
 m - a potion of might {unknown}
 n - a potion of brilliance
 q - a potion of lignification {unknown}
 w - 2 potions of invisibility {unknown}


   Skills:
 - Level 1.5 Fighting
 - Level 3.0 Short Blades
 - Level 2.4 Dodging
 + Level 8.2 Spellcasting
 + Level 7.2 Conjurations
 - Level 3.0 Translocations
 + Level 2.8 Fire Magic


You had 16 spell levels left.
You knew the following spells:

 Your Spells              Type           Power      Damage    Failure   Level
a - Kiss of Death         Conj/Necr      100%       2d13      2%          1
b - Momentum Strike       Conj/Tloc      90%        3d10      1%          2
c - Hailstorm             Conj/Ice       35%        3d9       8%          3
d - Necrotise             Necr           52%        1d6       11%         1

Your spell library contained the following spells:

 Spells                   Type           Power      Damage    Failure   Level
 Apportation              Tloc           62%        N/A       3%          1
 Summon Small Mammal      Summ           52%        N/A       11%         1


Dungeon Overview and Level Annotations

Branches:
Dungeon (6/15)
 Temple: D:4-7

Altars:
Gozag
Okawaru
Uskayaw
Vehumet
Wu Jian
Yredelemnul


Message History

Aiming: Momentum Strike (safe; 1% risk of failure)
Press: ? - help, Dir - move target, f/p - wight
Aim: a wight, wielding a +0 scimitar and wearing a +0 robe (74% to hit)
The concentrated momentum hits the wight.
The wight is moderately damaged.
You are unable to move.
Casting: Momentum Strike (safe; 1% risk of failure)
Confirm with . or Enter, or press ? or * to list all spells.
Casting: Hailstorm (dangerous; 8% risk of failure)
Press: ? - help, Dir - look around, f - activate A cannonade of hail descends around you!
The hail pelts the wight!
The wight partially resists.
The wight is severely damaged.
You barely miss the wight.
The wight is severely damaged.
The wight hits you with a +0 scimitar!
You hit the wight.
The wight is almost destroyed.
A wight comes into view. It is wielding a +0 trident.
The wight misses you.
You hit the wight but do no damage.
The wight is almost destroyed.
A wight comes into view. It is wielding a +2 battleaxe.
A wight comes into view. It is wielding a +0 morningstar.
The wight barely misses you.
You barely miss the wight.
The wight is almost destroyed.
A wight comes into view. It is wielding a +0 flail.
The wight hits you with a +0 scimitar!
You feel drained.
The air fills with toxic fumes!
As you read the scroll labelled WAENAJ FEXERAPT, it crumbles to dust.
It was a scroll of poison.
The wight hits you with a +0 scimitar!
* * * LOW HITPOINT WARNING * * *
It was a potion of attraction.
You feel attractive to monsters.
The wight barely misses you. x2; The wight is attracted toward you. x3
It was a potion of brilliance.
You feel clever all of a sudden.
You are no longer robbed of momentum.
The wight hits you from afar with a +0 trident.
You die...

$ ######
..^###.#..#######
.......§§§#§§§#§##
.........#§§§z@§§#
.........###zz§§§#
##....>...§zz§§§§#
.o.....z.§§§§§§§§§§§§#
.........§§§§§§§§§§§§#
.........§§§§§§§§§§§§§#
.........§§§§§§§§§§§§§#
.........§§§§§§§§§§§§§§.
:.......................


You could see 5 wights.

Vanquished Creatures
  Sigmund (D:5)
  Edmund (D:6)
  An ice beast (D:6)
  A black bear (D:5)
  An ogre (D:5)
  3 scorpions
  A gnoll sergeant (D:5)
  A jelly (D:5)
  Jessica (D:3)
  An iguana (D:5)
  4 adders
  7 gnolls (D:5)
  A shadow imp (D:5)
  A white imp (D:5)
  An ufetubus (D:5)
  A dart slug (D:1)
  5 orcs (D:5)
  3 ball pythons
  3 endoplasms
  3 giant cockroaches
  3 goblins (D:2)
  A hobgoblin (D:1)
  2 jackals (D:1)
  2 kobolds
  2 quokkas
  A bat (D:1)
  A frilled lizard (D:3)
  3 rats (D:1)
56 creatures vanquished.

Notes
Turn   | Place    | Note
-------+----------+-------------------------------------------
     0 | D:1      | PurpleRed the Deep Elf Reaver began the quest for the Orb.
     0 | D:1      | Reached XP level 1. HP: 12/12 MP: 6/6
   151 | D:1      | Reached XP level 2. HP: 10/16 MP: 8/8
   163 | D:1      | Reached skill level 1 in Translocations
   166 | D:1      | Learned a level 2 spell: Momentum Strike
   182 | D:1      | Learned a level 1 spell: Necrotise
   294 | D:2      | Reached XP level 3. HP: 20/20 MP: 7/10
   455 | D:1      | Reached skill level 4 in Spellcasting
   505 | D:3      | Noticed Jessica
   509 | D:3      | Killed Jessica
   510 | D:3      | Reached XP level 4. HP: 25/25 MP: 4/12
   516 | D:3      | Found an ornate altar of the Wu Jian Council.
   703 | D:4      | Learned a level 3 spell: Hailstorm
   709 | D:5      | Entered Level 5 of the Dungeon
   781 | D:4      | Noticed a scorpion
   785 | D:4      | Killed a scorpion
   786 | D:4      | Reached XP level 5. HP: 29/29 MP: 11/14
   809 | D:4      | Reached skill level 5 in Spellcasting
   866 | D:6      | Reached skill level 5 in Conjurations
   997 | D:5      | Noticed Sigmund
  1004 | D:5      | Killed Sigmund
  1005 | D:5      | Reached skill level 6 in Spellcasting
  1005 | D:5      | Reached XP level 6. HP: 34/34 MP: 15/17
  1106 | D:5      | Reached skill level 7 in Spellcasting
  1106 | D:5      | Reached XP level 7. HP: 38/38 MP: 10/19
  1170 | D:5      | Found a basalt altar of Yredelemnul.
  1179 | D:5      | Found an iron altar of Okawaru.
  1226 | D:6      | Noticed Edmund
  1340 | D:5      | Found an opulent altar of Gozag.
  1341 | D:5      | Found a hide-covered altar of Uskayaw.
  1352 | D:5      | Found a radiant altar of Vehumet.
  1359 | D:5      | Became a worshipper of Vehumet
  1445 | D:6      | Noticed a hornet
  1458 | D:5      | Reached skill level 1 in Fire Magic
  1501 | D:6      | Killed Edmund
  1503 | D:6      | Reached skill level 8 in Spellcasting
  1579 | D:6      | Reached XP level 8. HP: 23/40 MP: 15/22
  1604 | D:6      | HP: 1/39 [wight/+0 scimitar (13)]
  1606 | D:6      | Slain by a wight

Illustrated notes

Levels and vault maps discovered:
D:1:      kennysheep_arrival_seaside, layout_basic
D:2:      layout_rooms, hangedman_decor_points, minmay_misc_feat_ornament,
          nicolae_eternal_life
D:3:      layout_loops_ring, lemuel_crystal_altar,
          hellmonk_ecumenical_altar_leap_of_faith, minmay_joined_circles,
          uniq_natasha, uniq_jessica
D:4:      layout_loops_ring, nicolae_goblin_pals, uniq_grinder, uniq_robin
D:5:      layout_gridville, mainiacjoe_overflow_catwalk,
          nicolae_overflow_hidden_temple, gammafunk_temple_overflow_pools,
          nicolae_vehumet_altar_sigil, lemuel_doored_altar, uniq_sigmund
D:6:      layout_cave_pools, uniq_edmund

Skill      XL: |  1  2  3  4  5  6  7 |
---------------+----------------------+-----
Translocations | 1 2 3 |  3.0
Spellcasting   | 4 6 7 8 |  8.2
Conjurations   | 4 5 6 7 |  7.2
Fire Magic     | 2 |  2.8
Fighting       | |  1.5
Short Blades   | |  3.0
Dodging        | |  2.4

Action                     |  1- 3 |  4- 6 |  7- 9 || total
---------------------------+-------+-------+-------++-------
  Melee: Short sword       |    93 |    38 |    12 ||   143
   Fire: Sling             |       |    15 |     7 ||    22
   Cast: Momentum Strike   |     4 |    16 |     9 ||    29
         Necrotise         |     2 |     8 |     2 ||    12
         Kiss of Death     |       |     1 |     4 ||     5
         Hailstorm         |       |     1 |     5 ||     6
  Evoke: Wand              |       |     3 |     1 ||     4
    Use: Scroll            |       |     2 |     1 ||     3
         Potion            |       |       |     2 ||     2
   Stab: Sleeping          |     1 |       |       ||     1
 Armour: Leather armour    |    19 |    15 |     6 ||    40
  Dodge: Dodged            |    63 |    34 |    21 ||   118

Table legend: (Time is in decaauts)
 A = Elapsed time spent in this place.
 B = Non-inter-level travel time spent in this place.
 C = Inter-level travel time spent in this place.
 D = Time resting spent in this place.
 E = Time spent auto-exploring this place.
 F = Levels seen in this place.
 G = Mean time per level.
                   A        B        C        D        E       F      G
               +--------+--------+--------+--------+--------+-----+--------+
         Total |   1593 |   1528 |     65 |      0 |      0 |   6 |  265.5 |
       Dungeon |   1593 |   1528 |     65 |      0 |      0 |   6 |  265.5 |
               +--------+--------+--------+--------+--------+-----+--------+

Top non-repeatable levels by time:
     D:5: 710 daAuts
     D:1: 329 daAuts
     D:3: 174 daAuts
     D:2: 163 daAuts
     D:6: 121 daAuts
     D:4: 94 daAuts
